[Event "Titled Tuesday Blitz November 14 Early 2023"]
[White "Budisavljevic, Luka"]
[Black "Rustemov, Alexander"]
[WhiteFideId "960047"]
[BlackFideId "4119002"]
[WhiteElo "2769"]
[BlackElo "2913"]
[Result "1/2-1/2"]
[Round "4"]
[TimeControl "180+1"]
[Date "2023.11.14"]
[WhiteClock "0:00:16"]
[BlackClock "0:00:15"]
[Board "27"]

1. d4 d5 2. Nf3 c6 3. c4 Nf6 4. e3 a6 5. b3 Bf5 6. Bd3 e6 7. O-O Bxd3 8. Qxd3 Be7 9. Nbd2 O-O 10. e4 dxe4 11. Nxe4 Nxe4 12. Qxe4 Nd7 13. Bb2 Re8 14. h3 Qa5 15. a3 Rad8 16. b4 Qh5 17. Ne5 Nxe5 18. dxe5 Rd7 19. Rfe1 Red8 20. Re3 Qg6 21. Rae1 Qxe4 22. Rxe4 g6 23. Bc1 Kg7 24. Kf1 Rd3 25. R4e3 R3d4 26. Rc3 Rd3 27. Rxd3 Rxd3 28. Re3 Rd1+ 29. Re1 Rd4 30. c5 a5 31. Be3 Rd3 32. Ke2 Rxa3 33. Rd1 axb4 34. Rd7 Kf8 35. Rxb7 b3 36. Kd3 b2+ 37. Kc4 Ra4+ 38. Kc3 Ra5 39. Rxb2 Bxc5 40. Bh6+ Ke8 41. Rb8+ Kd7 42. Rb7+ Ke8 43. Rb8+ Kd7 44. Rb7+ Ke8 45. Rb8+ 1/2-1/2


[Site "https://www.chess.com"]

[Event "Titled Tuesday Blitz November 14 Early 2023"]
[White "Nazari, Arad"]
[Black "Chigaev, Maksim"]
[WhiteFideId "12577324"]
[BlackFideId "4108116"]
[WhiteElo "2755"]
[BlackElo "2905"]
[Result "1-0"]
[Round "4"]
[TimeControl "180+1"]
[Date "2023.11.14"]
[WhiteClock "0:00:22"]
[BlackClock "0:00:05"]
[Board "28"]

1. e4 e6 2. d4 d5 3. e5 c5 4. c3 Nc6 5. Nf3 Bd7 6. Be2 f6 7. O-O fxe5 8. Nxe5 Nxe5 9. dxe5 Qc7 10. Bf4 O-O-O 11. a4 h6 12. Na3 a6 13. b4 g5 14. Be3 Qxe5 15. bxc5 Nf6 16. Bd4 Qf4 17. g3 Qf5 18. Bd3 Ne4 19. Bxh8 e5 20. Bxe4 dxe4 21. Nc4 Bc6 22. Qe2 Bxc5 23. Bxe5 e3 24. f3 g4 25. Bd4 gxf3 26. Qxe3 f2+ 27. Qxf2 Qe4 28. Qf5+ Qxf5 29. Rxf5 Rxd4 30. Rxc5 1-0


[Site "https://www.chess.com"]

[Event "Titled Tuesday Blitz November 14 Early 2023"]
[White "Kamsky, Gata"]
[Black "Csonka, Balazs"]
[WhiteFideId "2000024"]
[BlackFideId "742910"]
[WhiteElo "2896"]
[BlackElo "2735"]
[Result "1-0"]
[Round "4"]
[TimeControl "180+1"]
[Date "2023.11.14"]
[WhiteClock "0:00:24"]
[BlackClock "0:00:19"]
[Board "29"]

1. d4 Nf6 2. Bf4 d5 3. e3 e6 4. Nf3 Bd6 5. Bg3 O-O 6. c4 c5 7. Nc3 dxc4 8. Bxc4 a6 9. dxc5 Bxc5 10. Qxd8 Rxd8 11. Ke2 b5 12. Bd3 Bb7 13. Rac1 Nbd7 14. Rhd1 Rac8 15. a4 bxa4 16. Nxa4 Be7 17. Bc7 Re8 18. Ba5 Nd5 19. g3 g6 20. e4 Nb4 21. Bb1 Nc6 22. Bc3 Nc5 23. Nxc5 Bxc5 24. Rd7 Re7 25. Rcd1 Rc7 26. Rd8+ 1-0


[Site "https://www.chess.com"]

[Event "Titled Tuesday Blitz November 14 Early 2023"]
[White "AlmasRakhmatullaev"]
[Black "Tristan, Leonardo"]
[BlackFideId "113816"]
[WhiteElo "2875"]
[BlackElo "2729"]
[Result "1-0"]
[Round "4"]
[TimeControl "180+1"]
[Date "2023.11.14"]
[WhiteClock "0:00:08"]
[BlackClock "0:00:00"]
[Board "30"]

1. e4 d5 2. exd5 Qxd5 3. Nc3 Qa5 4. Nf3 Nf6 5. d4 Bf5 6. Bc4 e6 7. Bd2 Bb4 8. a3 Bxc3 9. Bxc3 Qb6 10. O-O Nc6 11. b4 O-O 12. h3 Rad8 13. Qe2 h6 14. Rab1 Be4 15. Bd3 Bxf3 16. Qxf3 Nxd4 17. Qg3 Rfe8 18. Rfe1 Qd6 19. Qh4 e5 20. Rbd1 Qc6 21. Bb2 Nxc2 22. Rxe5 Rxe5 23. Bxe5 Ne1 24. Rxe1 Rxd3 25. b5 Qe6 26. Bc3 Qd6 27. Bxf6 Qxf6 28. Re8+ Kh7 29. Qe4+ Qg6 30. Qxb7 Rd1+ 31. Kh2 Qd6+ 32. g3 Rd2 33. Qe4+ g6 34. Kg2 Qf6 35. Qe3 Rd5 36. Qb3 Qf5 37. g4 Qg5 38. Qf3 Kg7 39. a4 Re5 40. Qc3 f6 41. Qxc7+ 1-0


[Site "https://www.chess.com"]

[Event "Titled Tuesday Blitz November 14 Early 2023"]
[White "Klukin, Kirill"]
[Black "Begmuratov, Alisher"]
[WhiteFideId "24199273"]
[BlackFideId "14203367"]
[WhiteElo "2865"]
[BlackElo "2710"]
[Result "0-1"]
[Round "4"]
[TimeControl "180+1"]
[Date "2023.11.14"]
[WhiteClock "0:00:04"]
[BlackClock "0:00:59"]
[Board "31"]

1. d4 Nf6 2. Nf3 e6 3. e3 b6 4. Bd3 Bb7 5. O-O d5 6. b3 Bd6 7. Bb2 O-O 8. Nbd2 a6 9. Qe2 Nbd7 10. Ne5 c5 11. f4 Ne4 12. Bxe4 dxe4 13. Ndc4 Bc7 14. Nxd7 Qxd7 15. dxc5 bxc5 16. Rad1 Qe7 17. Be5 f6 18. Bxc7 Qxc7 19. f5 exf5 20. Rxf5 Rad8 21. Rxd8 Rxd8 22. Qh5 g6 23. Rxc5 Qe7 24. Qh4 Qxc5 25. Qxf6 Rd1+ 26. Kf2 Qf5+ 27. Qxf5 gxf5 28. Ke2 Rc1 29. Kd2 Rg1 30. g3 Rg2+ 31. Kc3 Rxh2 32. Nd6 Bc6 33. Nxf5 Bd7 34. Nd6 Kg7 35. Nxe4 Bf5 36. Nd6 Rxc2+ 37. Kd4 Bg6 38. a4 Rg2 39. b4 Rxg3 40. b5 axb5 41. axb5 Rg1 42. b6 Rb1 43. b7 h5 44. Kc5 Bd3 45. Kc6 h4 46. Kc7 h3 47. e4 h2 48. Nf5+ Kf6 49. Ng3 Ke5 50. b8=Q Rxb8 51. Kxb8 Kf4 52. Nh1 Kf3 53. e5 Kg2 54. e6 Kxh1 55. e7 Bb5 0-1


[Site "https://www.chess.com"]

[Event "Titled Tuesday Blitz November 14 Early 2023"]
[White "Ladopoulos, Dimitrios"]
[Black "Yanchenko, Roman"]
[WhiteFideId "4239580"]
[BlackFideId "4137329"]
[WhiteElo "2705"]
[BlackElo "2847"]
[Result "1-0"]
[Round "4"]
[TimeControl "180+1"]
[Date "2023.11.14"]
[WhiteClock "0:00:10"]
[BlackClock "0:00:04"]
[Board "32"]

1. d4 d5 2. Nf3 Nf6 3. c4 c6 4. e3 Bf5 5. Nh4 Be4 6. Nc3 e6 7. f3 Nh5 8. g3 Bd6 9. fxe4 Nxg3 10. hxg3 Bxg3+ 11. Kd2 Bxh4 12. Qg4 g5 13. cxd5 h5 14. Qg2 Qe7 15. dxe6 fxe6 16. e5 Nd7 17. Ne4 O-O-O 18. Kc2 Kb8 19. Bd2 Rhf8 20. Bd3 c5 21. Nd6 Nb6 22. dxc5 Qc7 23. b4 Nd5 24. Rhf1 b6 25. Rxf8 Rxf8 26. Rf1 Rd8 27. Rf7 Qc6 28. Qf1 bxc5 29. Bb5 Qb6 30. Rb7+ Qxb7 31. Nxb7 Kxb7 32. bxc5 g4 33. Qf7+ Kb8 34. Ba5 Rc8 35. c6 Be7 36. Qxe6 Nxe3+ 37. Kd3 Bc5 38. c7+ Rxc7 39. Bxc7+ Kxc7 40. Qc6+ Kb8 41. Qxc5 Nf5 42. Ba6 Nd6 43. exd6 Ka8 44. Qc8# 1-0


[Site "https://www.chess.com"]

[Event "Titled Tuesday Blitz November 14 Early 2023"]
[White "Hasangatin, Ramil"]
[Black "Hafiz, Arif Abdul"]
[WhiteFideId "4122160"]
[BlackFideId "7104227"]
[WhiteElo "2682"]
[BlackElo "2835"]
[Result "0-1"]
[Round "4"]
[TimeControl "180+1"]
[Date "2023.11.14"]
[WhiteClock "0:00:56"]
[BlackClock "0:01:03"]
[Board "33"]

1. e4 e5 2. Nf3 Nc6 3. Bb5 a6 4. Ba4 Nf6 5. Bxc6 dxc6 6. d3 Bd6 7. Bg5 h6 8. Bh4 Qe7 9. Nbd2 Be6 10. Qe2 g5 11. Bg3 Nd7 12. Nc4 f6 13. h4 O-O-O 14. O-O-O c5 15. Kb1 b6 16. Nfd2 Nb8 17. Ne3 Nc6 18. c3 Qf7 19. a3 Kb7 20. f3 Rhg8 21. h5 Ne7 22. Bf2 f5 23. exf5 Nxf5 24. Nxf5 Bxf5 25. g4 Bh7 26. Ne4 Rgf8 27. Rh3 c6 28. Qe3 Bc7 29. Kc2 c4 30. d4 exd4 31. cxd4 Qd5 32. Re1 Rde8 33. Kb1 Rxf3 34. Qxf3 Bxe4+ 35. Rxe4 Rxe4 36. Rh1 Re1+ 0-1


[Site "https://www.chess.com"]

[Event "Titled Tuesday Blitz November 14 Early 2023"]
[White "Bordi, Kevin"]
[Black "Tabatabaei, M. Amin"]
[WhiteFideId "621862"]
[BlackFideId "12521213"]
[WhiteElo "2832"]
[BlackElo "3080"]
[Result "0-1"]
[Round "4"]
[TimeControl "180+1"]
[Date "2023.11.14"]
[WhiteClock "0:00:17"]
[BlackClock "0:00:45"]
[Board "34"]

1. d4 Nf6 2. Bg5 c5 3. Bxf6 exf6 4. c3 Qb6 5. Qb3 d5 6. Nd2 Nc6 7. e3 c4 8. Qxb6 axb6 9. a3 f5 10. g3 b5 11. O-O-O Be6 12. Bg2 f6 13. Ne2 g5 14. h4 Kf7 15. hxg5 fxg5 16. f4 g4 17. Kc2 h5 18. Nc1 Kg6 19. Rh2 Be7 20. Rdh1 Bf6 21. Ne2 Rh7 22. Nf1 Rah8 23. Kd1 Ne7 24. Kd2 Nc8 25. Kc2 Nd6 26. Kd2 Kf7 27. Kc2 Ke7 28. Kd2 Kd7 29. Kc2 Kc6 30. Kd2 Kb6 31. Kc2 Ka5 32. Kc1 Ka4 33. Kb1 Ka5 34. Kc2 Bf7 35. Kc1 Kb6 36. Kc2 Re8 37. Kd2 Kc6 38. Kc2 Reh8 39. Kd2 Kd7 40. Kc2 Ke6 41. Kd2 Be8 42. Kc2 Rh6 43. Kd2 Bc6 44. Kc2 Ne8 45. Kd2 Ng7 46. Kc2 Kf7 47. Kd2 Kg6 48. Kc2 h4 49. gxh4 Rxh4 50. Rxh4 Rxh4 51. Rxh4 Bxh4 52. Nfg3 Nh5 53. Nxh5 Kxh5 54. Kd2 Bf2 55. Nc1 Kh4 56. Ke2 Kg3 57. Bh1 Bg1 58. Kf1 Bxe3 59. Ne2+ Kh2 60. Bg2 b6 0-1


[Site "https://www.chess.com"]

[Event "Titled Tuesday Blitz November 14 Early 2023"]
[White "Sadhwani, Raunak"]
[Black "Nasir, Zehn"]
[WhiteFideId "35093487"]
[BlackFideId "2613239"]
[WhiteElo "3049"]
[BlackElo "2585"]
[Result "1-0"]
[Round "4"]
[TimeControl "180+1"]
[Date "2023.11.14"]
[WhiteClock "0:00:31"]
[BlackClock "0:00:01"]
[Board "35"]

1. a3 d5 2. d4 Nf6 3. Nf3 Bf5 4. Bg5 e6 5. e3 c6 6. c4 Nbd7 7. Nc3 Bd6 8. Be2 O-O 9. Nh4 h6 10. Nxf5 exf5 11. Bh4 Qe8 12. Qc2 Ne4 13. cxd5 Nxc3 14. bxc3 g5 15. dxc6 bxc6 16. Bg3 Bxg3 17. hxg3 Qe6 18. Bd3 f4 19. Bf5 Qe7 20. Rxh6 Nf6 21. gxf4 gxf4 22. e4 Kg7 23. Rh3 Rh8 24. e5 Rxh3 25. Bxh3 Nd5 26. Bg4 Rh8 27. Ke2 f3+ 28. Kxf3 Qg5 29. g3 Rh2 30. Re1 f6 31. c4 Ne7 32. exf6+ Qxf6+ 33. Ke3 Qg5+ 34. Kd3 Qxg4 35. Rxe7+ Kf6 36. Re3 Qf5+ 37. Kc3 Qxc2+ 38. Kxc2 Rxf2+ 39. Kc3 Ra2 40. Kb4 Rd2 41. Kc5 Kf5 42. Re5+ Kf6 43. Re3 Rc2 44. g4 a5 45. Rd3 a4 46. Re3 Kg5 47. Re6 Rc3 48. Rxc6 Rxa3 49. Ra6 Ra1 50. d5 a3 51. Kd6 Kxg4 52. c5 Kf4 53. c6 Ke4 54. c7 Rd1 55. Ra4+ Ke3 56. c8=Q Rc1 1-0


[Site "https://www.chess.com"]

[Event "Titled Tuesday Blitz November 14 Early 2023"]
[White "Kamalidenova, Meruert"]
[Black "Niemann, Hans Moke"]
[WhiteFideId "13712802"]
[BlackFideId "2093596"]
[WhiteElo "2645"]
[BlackElo "3029"]
[Result "0-1"]
[Round "4"]
[TimeControl "180+1"]
[Date "2023.11.14"]
[WhiteClock "0:00:00"]
[BlackClock "0:01:02"]
[Board "36"]

1. e4 c5 2. Nf3 Nc6 3. Bb5 g6 4. O-O Bg7 5. c3 Nf6 6. Re1 a6 7. Bxc6 dxc6 8. e5 Nd5 9. d4 cxd4 10. cxd4 O-O 11. h3 b6 12. Nc3 Bb7 13. Qb3 c5 14. dxc5 Nxc3 15. Qxc3 Rc8 16. b4 a5 17. a3 bxc5 18. bxc5 Bxf3 19. Qxf3 Rxc5 20. Bf4 Qc8 21. Rad1 Qe6 22. Qe3 Rfc8 23. Rd3 h5 24. Bg3 Kh7 25. Bf4 Qf5 26. e6 fxe6 27. Bg3 e5 28. Rb3 Bf6 29. Rd1 h4 30. Bh2 Bg5 31. Qe1 Rc1 32. f4 Rxd1 33. Qxd1 exf4 34. Rb1 f3 35. gxf3 Qxh3 36. Qd5 Qf5 37. Qxf5 gxf5 38. Rb5 Kg6 39. Rxa5 h3 40. Be5 Rc2 41. Ra4 Re2 42. Bc7 e5 43. f4 Bxf4 44. Ra6+ Kh5 45. Kf1 Rc2 0-1


[Site "https://www.chess.com"]

[Event "Titled Tuesday Blitz November 14 Early 2023"]
[White "Bortnyk, Olexandr"]
[Black "Adla, Diego"]
[WhiteFideId "14120828"]
[BlackFideId "100072"]
[WhiteElo "3000"]
[BlackElo "2643"]
[Result "1-0"]
[Round "4"]
[TimeControl "180+1"]
[Date "2023.11.14"]
[WhiteClock "0:00:21"]
[BlackClock "0:00:32"]
[Board "37"]

1. e4 e5 2. Nf3 Nc6 3. Bb5 a6 4. Ba4 Nf6 5. Nc3 Bd6 6. d3 O-O 7. Bg5 Be7 8. Bxc6 dxc6 9. h3 Nd7 10. Bxe7 Qxe7 11. O-O Re8 12. Re1 Nf8 13. d4 exd4 14. Qxd4 b6 15. e5 Bb7 16. Qe4 Rab8 17. Rad1 c5 18. Nd5 Bxd5 19. Rxd5 Red8 20. Red1 Rxd5 21. Qxd5 Ne6 22. Qc4 Rd8 23. Rxd8+ Qxd8 24. Qxa6 Qd1+ 25. Kh2 Qxc2 26. Qc8+ Nf8 27. Qxc7 Qxb2 28. a4 Qb4 29. g3 c4 30. Ng5 Qc5 31. Qxf7+ Kh8 32. e6 Ng6 33. Qe8+ Nf8 34. Ne4 Qf5 35. e7 Kg8 36. exf8=Q+ Qxf8 37. Qe6+ Kh8 38. Qxc4 h6 39. Qc6 Qb4 40. h4 Kh7 41. h5 Qd4 42. Kg2 Kh8 43. Nd6 Qe5 44. Nf7+ 1-0


[Site "https://www.chess.com"]

[Event "Titled Tuesday Blitz November 14 Early 2023"]
[White "Oparin, Grigoriy"]
[Black "Pastar, Slaven"]
[WhiteFideId "24125890"]
[BlackFideId "14402718"]
[WhiteElo "2990"]
[BlackElo "2642"]
[Result "1-0"]
[Round "4"]
[TimeControl "180+1"]
[Date "2023.11.14"]
[WhiteClock "0:02:30"]
[BlackClock "0:01:13"]
[Board "38"]

1. g3 d5 2. Bg2 e5 3. d3 g6 4. Nf3 Bg7 5. O-O c5 6. c4 d4 7. b4 cxb4 8. a3 bxa3 9. Bxa3 Ne7 10. Nbd2 O-O 11. Qb3 h6 12. Ne4 Kh7 13. Nd6 Nbc6 14. Nxb7 Bxb7 15. Qxb7 Qb6 16. Rfb1 Qxb7 17. Rxb7 Rfe8 18. Nd2 Kg8 19. Bxe7 Nxe7 20. Rxe7 Rxe7 21. Bxa8 1-0


[Site "https://www.chess.com"]

[Event "Titled Tuesday Blitz November 14 Early 2023"]
[White "Bodnaruk, Anastasia"]
[Black "Muradli, Mahammad"]
[WhiteFideId "4181751"]
[BlackFideId "13409301"]
[WhiteElo "2637"]
[BlackElo "2988"]
[Result "0-1"]
[Round "4"]
[TimeControl "180+1"]
[Date "2023.11.14"]
[WhiteClock "0:01:20"]
[BlackClock "0:00:57"]
[Board "39"]

1. e4 d6 2. d4 e5 3. Nf3 exd4 4. Nxd4 Nf6 5. Nc3 Be7 6. Bc4 O-O 7. O-O Nc6 8. Re1 Nxd4 9. Qxd4 c6 10. a4 Ng4 11. Bb3 Be6 12. Bf4 Qb6 13. Qxb6 axb6 14. Rad1 Ne5 15. Bxe6 fxe6 16. Bxe5 dxe5 17. Rd7 Bc5 18. Re2 Rf7 19. Rxf7 Kxf7 20. b3 Rd8 21. g3 Bb4 22. Re3 Rd2 23. Na2 Bc5 24. Rf3+ Ke7 25. Nc1 Rd1+ 0-1


[Site "https://www.chess.com"]

[Event "Titled Tuesday Blitz November 14 Early 2023"]
[White "Hristodoulou, Panagiotis"]
[Black "Grischuk, Alexander"]
[WhiteFideId "4214340"]
[BlackFideId "4126025"]
[WhiteElo "2635"]
[BlackElo "2952"]
[Result "1/2-1/2"]
[Round "4"]
[TimeControl "180+1"]
[Date "2023.11.14"]
[WhiteClock "0:00:07"]
[BlackClock "0:00:06"]
[Board "40"]

1. e4 e5 2. Nf3 Nc6 3. Bc4 Nf6 4. d3 Be7 5. O-O O-O 6. Re1 d6 7. a4 Be6 8. Nbd2 a5 9. h3 Bxc4 10. Nxc4 Re8 11. Bg5 Nd7 12. Be3 Bf8 13. c3 h6 14. Qb3 b6 15. Rad1 Qc8 16. Qc2 Qb7 17. Qd2 Nf6 18. Qe2 Rad8 19. Bc1 Ne7 20. Ne3 Qc6 21. Qc2 Ng6 22. Nf5 d5 23. Nd2 Nf4 24. exd5 N6xd5 25. Ne4 Qg6 26. Nfg3 f5 27. Nd2 Nxg2 28. Kxg2 Nf4+ 29. Kh2 Nxd3 30. Rf1 e4 31. Nc4 f4 32. Ne2 Qf7 33. b3 Bc5 34. Nd4 Bxd4 35. cxd4 Rxd4 36. f3 Nb4 37. Qg2 Rd3 38. fxe4 f3 39. Rxd3 fxg2 40. Rxf7 Nxd3 41. Rxc7 Nxc1 42. Kxg2 Rxe4 43. Nd6 Re1 44. Nf5 Nxb3 45. Rxg7+ Kf8 46. Rb7 Re6 47. Rd7 Nc5 48. Rd4 Re4 49. Rxe4 Nxe4 50. Nxh6 Nc5 51. Kf3 Nxa4 52. Ke4 Ke7 53. Kd5 Kd7 54. Ng4 Nc3+ 55. Kc4 Ne4 56. Ne5+ Kc7 57. h4 Nf6 58. Kb5 Ne4 59. h5 Nd6+ 60. Ka4 Nf5 61. Kb5 Nd4+ 62. Kc4 Nf5 63. Kb5 Kb7 64. Nf3 Nh6 65. Ne5 Nf5 66. Nf3 Nd6+ 67. Ka4 Ka6 68. h6 b5+ 69. Kb3 Nf7 70. h7 Kb6 71. Ne5 Nh8 72. Kc3 Kc5 73. Kb3 Kd5 74. Nf3 Ke4 75. Ng5+ Kf5 76. Nf3 Kg6 77. Nd4 b4 78. Ka4 Kxh7 79. Kxa5 Nf7 80. Kxb4 1/2-1/2


[Site "https://www.chess.com"]

[Event "Titled Tuesday Blitz November 14 Early 2023"]
[White "Galchenko, Matvey"]
[Black "Parkhov, Yair"]
[WhiteFideId "24175480"]
[BlackFideId "2813408"]
[WhiteElo "2941"]
[BlackElo "2635"]
[Result "1-0"]
[Round "4"]
[TimeControl "180+1"]
[Date "2023.11.14"]
[WhiteClock "0:00:07"]
[BlackClock "0:00:00"]
[Board "41"]

1. e4 e6 2. d4 d5 3. e5 c5 4. c3 Nc6 5. Nf3 Bd7 6. Be2 Qb6 7. dxc5 Bxc5 8. O-O Qc7 9. b4 Bb6 10. Bf4 Nge7 11. Na3 a6 12. Re1 Ng6 13. Bg3 O-O 14. Bd3 Rad8 15. h4 h6 16. Nc2 Qb8 17. h5 Nge7 18. Ncd4 Nxd4 19. Nxd4 Nc6 20. Nb3 Bc7 21. Qe2 f5 22. f4 Bb6+ 23. Kh2 Be8 24. a3 Qc7 25. Qf3 Qf7 26. Be2 Rc8 27. Rad1 Na7 28. Nc5 Bxc5 29. bxc5 Bb5 30. c4 Bxc4 31. Bxc4 dxc4 32. Bf2 Rfd8 33. a4 Nc6 34. Rd6 Kh7 35. Bh4 Rf8 36. Rc1 Nb4 37. Rxc4 Nd5 38. Bf2 Rc6 39. Rc1 Rfc8 40. Rb1 R8c7 41. a5 Rc8 42. Kg1 R8c7 43. Bd4 Rc8 44. Rf1 Nc7 45. g4 Nb5 46. Be3 Nxd6 47. exd6 Rxc5 48. Bxc5 Rxc5 49. Rd1 Qd7 50. gxf5 Rxf5 51. Qe4 Kg8 52. Qc4 Rf7 53. Kg2 Kh7 54. Kg3 Kg8 55. Qc2 Kh8 56. Qd3 Kg8 57. Rc1 Qd8 58. Qg6 Rd7 59. Qxe6+ Kh8 60. Rd1 Kh7 61. Rd5 Kh8 62. Rd4 Kh7 63. Qg6+ Kh8 64. Re4 1-0


[Site "https://www.chess.com"]

[Event "Titled Tuesday Blitz November 14 Early 2023"]
[White "Al-Tarboush, Ward"]
[Black "Sjugirov, Sanan"]
[WhiteFideId "7601450"]
[BlackFideId "4189302"]
[WhiteElo "2631"]
[BlackElo "2930"]
[Result "1-0"]
[Round "4"]
[TimeControl "180+1"]
[Date "2023.11.14"]
[WhiteClock "0:00:16"]
[BlackClock "0:00:00"]
[Board "42"]

1. e4 e5 2. Nf3 Nc6 3. Bb5 a6 4. Ba4 Nf6 5. O-O Be7 6. d3 b5 7. Bb3 d6 8. a3 O-O 9. Nc3 h6 10. Be3 Rb8 11. h3 Re8 12. Qd2 Bf8 13. Rad1 Be6 14. Nd5 Bxd5 15. exd5 Ne7 16. c4 Nf5 17. Ba2 Qd7 18. b4 g6 19. Rfe1 Bg7 20. c5 dxc5 21. Bxc5 Nxd5 22. g4 Nd4 23. Nxd4 exd4 24. Rxe8+ Rxe8 25. Re1 Nc3 26. Bb3 Rxe1+ 27. Qxe1 Bf6 28. f4 Kg7 29. Kh2 g5 30. f5 Nd5 31. Qe4 Ne3 32. Qa8 Be7 33. Qe4 Bd6+ 34. Kg1 Bxc5 35. bxc5 f6 36. Be6 Qd8 37. Qc6 Nd1 38. Qxa6 1-0


[Site "https://www.chess.com"]

[Event "Titled Tuesday Blitz November 14 Early 2023"]
[White "Fromm, Marius"]
[Black "Ashraf, Artin"]
[WhiteFideId "12993190"]
[BlackFideId "22514805"]
[WhiteElo "2631"]
[BlackElo "2923"]
[Result "0-1"]
[Round "4"]
[TimeControl "180+1"]
[Date "2023.11.14"]
[WhiteClock "0:00:06"]
[BlackClock "0:00:06"]
[Board "43"]

1. e4 c5 2. Nf3 d6 3. d4 cxd4 4. Nxd4 Nf6 5. Nc3 a6 6. g3 e5 7. Nde2 Be7 8. Bg2 O-O 9. O-O Be6 10. a4 Nbd7 11. Be3 Rc8 12. h3 Qc7 13. b3 Qb8 14. a5 Bd8 15. Qd2 Rc6 16. Nd5 Bxd5 17. exd5 Rc8 18. c4 b6 19. axb6 Bxb6 20. Rxa6 Bxe3 21. Qxe3 Nc5 22. Rc6 Qxb3 23. Qxb3 Nxb3 24. Rxd6 Nd2 25. Rc1 Rxc4 26. Rxc4 Nxc4 27. Rc6 Na5 28. Rc7 Rd8 29. Nc3 Ne8 30. Re7 Nc4 31. Bf1 Kf8 32. Rc7 Ncd6 33. Kg2 Nf6 34. Bd3 e4 35. Be2 g6 36. g4 Rb8 37. g5 Nfe8 38. Rc6 Ke7 39. Kg3 Rb4 40. Kf4 Kd7 41. Bg4+ Ke7 42. Ke5 Nc4+ 43. Kf4 Ned6 44. Rc7+ Kf8 45. h4 Kg7 46. Be6 Rb2 47. Nxe4 Re2 48. f3 Kf8 49. Nxd6 Nxd6 50. Bg4 Rd2 51. Ke5 Ne8 52. Rc8 Re2+ 53. Kd4 Kg7 54. Kd3 Re1 55. Kd2 Re5 56. Rd8 f5 57. gxf6+ Nxf6 58. Be6 Rh5 59. d6 Rxh4 60. Ke3 Rh1 61. d7 Re1+ 62. Kd2 Rxe6 63. Rg8+ Kxg8 64. d8=Q+ Kf7 65. Qc7+ Re7 66. Qc4+ Kg7 67. Qc3 Rf7 68. Ke2 Kg8 69. Kf2 Ne4+ 70. Kg2 Nxc3 0-1


[Site "https://www.chess.com"]

[Event "Titled Tuesday Blitz November 14 Early 2023"]
[White "Elsa167"]
[Black "Kuzhylnyi, Oleksandr"]
[BlackFideId "34110500"]
[WhiteElo "2918"]
[BlackElo "2627"]
[Result "0-1"]
[Round "4"]
[TimeControl "180+1"]
[Date "2023.11.14"]
[WhiteClock "0:00:47"]
[BlackClock "0:00:13"]
[Board "44"]

1. d4 d5 2. c4 c6 3. cxd5 cxd5 4. Bf4 Nc6 5. e3 Nf6 6. Nc3 a6 7. Be2 Bf5 8. Nf3 e6 9. Qb3 Ra7 10. Ne5 Bd6 11. Nxc6 bxc6 12. Bxd6 Qxd6 13. Na4 O-O 14. O-O Rb8 15. Qd1 a5 16. Rc1 Nd7 17. b3 Rc7 18. Qd2 Qb4 19. Qxb4 axb4 20. Rfd1 Kf8 21. h4 h6 22. g4 Bh7 23. f3 Ke7 24. Kf2 Kd6 25. Rd2 c5 26. e4 cxd4 27. Rxc7 Kxc7 28. exd5 e5 29. f4 f6 30. f5 Bg8 31. Bf3 Kd6 32. Nb2 Bxd5 33. g5 e4 34. Bxe4 Bxe4 35. Rxd4+ Bd5 36. Nd3 hxg5 37. hxg5 fxg5 38. Nxb4 Nf6 39. Nd3 Rc8 40. Ra4 Be4 41. Nb4 Bxf5 42. Ra6+ Ke5 43. Nc6+ Kf4 44. b4 Ne4+ 45. Ke2 g4 46. b5 g3 47. Ra7 g5 48. Nd4 Nc3+ 49. Kd2 g2 50. Rf7 g1=Q 51. Rxf5+ Kg4 52. Rf4+ 0-1


[Site "https://www.chess.com"]

[Event "Titled Tuesday Blitz November 14 Early 2023"]
[White "FoxOnTheRun97"]
[Black "Zhigalko, Sergei"]
[BlackFideId "13502956"]
[WhiteElo "2624"]
[BlackElo "2892"]
[Result "0-1"]
[Round "4"]
[TimeControl "180+1"]
[Date "2023.11.14"]
[WhiteClock "0:00:00"]
[BlackClock "0:00:13"]
[Board "45"]

1. d4 Nf6 2. Bg5 d5 3. Bxf6 exf6 4. e3 Bd6 5. g3 O-O 6. Bg2 c6 7. Ne2 Nd7 8. O-O f5 9. Qd3 Nf6 10. c4 Be6 11. cxd5 cxd5 12. Nbc3 Ne4 13. Nf4 Bxf4 14. exf4 Qb6 15. Na4 Qa5 16. b3 Bd7 17. Bxe4 Bb5 18. Qc3 Qxc3 19. Nxc3 Bxf1 20. Bxf5 Ba6 21. Nxd5 Rad8 22. Be4 Rd7 23. Bf3 Rfd8 24. Rc1 Kf8 25. Nb4 Rxd4 26. Nxa6 bxa6 27. Rc7 R4d7 28. Rc6 Rd6 29. Rc7 R8d7 30. Rc8+ Ke7 31. Kg2 Rd2 32. a4 Rb2 33. Rc3 Rdd2 34. Kh3 Rxf2 35. Be4 g6 36. Bd3 f5 37. g4 Rf3+ 38. Kh4 Rxh2+ 39. Kg5 Rhh3 0-1


[Site "https://www.chess.com"]

[Event "Titled Tuesday Blitz November 14 Early 2023"]
[White "Principe, Gerson"]
[Black "Mahdavi, Reza"]
[WhiteFideId "3804550"]
[BlackFideId "12595926"]
[WhiteElo "2622"]
[BlackElo "2886"]
[Result "0-1"]
[Round "4"]
[TimeControl "180+1"]
[Date "2023.11.14"]
[WhiteClock "0:00:00"]
[BlackClock "0:00:16"]
[Board "46"]

1. d4 Nf6 2. e3 g6 3. Nf3 Bg7 4. Be2 O-O 5. O-O d6 6. b3 b6 7. Bb2 Bb7 8. c4 Nbd7 9. Nc3 Ne4 10. Rc1 e5 11. dxe5 dxe5 12. Qc2 Nxc3 13. Bxc3 Qe7 14. Rfd1 a5 15. Qb2 Rfe8 16. Ne1 Nc5 17. Bf3 Ne4 18. Bxe4 Bxe4 19. Rd2 Qg5 20. Rcd1 Bc6 21. a4 h5 22. h3 h4 23. Qc2 Bf8 24. Qd3 Bc5 25. Qe2 Qf5 26. Qg4 Qxg4 27. hxg4 f5 28. g5 f4 29. exf4 exf4 30. Nf3 h3 31. Ne5 Bxg2 32. Nxg6 Bc6 33. Nxf4 Re4 34. Nxh3 Rg4+ 35. Kh2 Rg2+ 36. Kh1 Rg3+ 37. Rd5 Rxh3+ 38. Kg2 Rxc3 0-1


[Site "https://www.chess.com"]

[Event "Titled Tuesday Blitz November 14 Early 2023"]
[White "Gontcharov, Vladislav"]
[Black "Beerdsen, Thomas"]
[WhiteFideId "4123492"]
[BlackFideId "1030108"]
[WhiteElo "2619"]
[BlackElo "2840"]
[Result "0-1"]
[Round "4"]
[TimeControl "180+1"]
[Date "2023.11.14"]
[WhiteClock "0:00:00"]
[BlackClock "0:00:16"]
[Board "47"]

1. d4 Nf6 2. c4 a6 3. Nc3 b5 4. cxb5 axb5 5. Nxb5 e5 6. dxe5 Ne4 7. Bd2 Nc6 8. Nf3 Nxd2 9. Qxd2 Bb4 10. Nc3 Qe7 11. a3 Nxe5 12. Nxe5 Qxe5 13. Rc1 Ba5 14. b4 Bb6 15. Qd5 Qf4 16. e3 Bxe3 17. fxe3 Qxe3+ 18. Ne2 Rxa3 19. Qd4 Qg5 20. Qe4+ Kd8 21. Qf4 Qxf4 22. Nxf4 Re8+ 23. Kd1 Bb7 24. Bc4 Re4 25. Rf1 d5 26. Be2 Rxb4 27. Nd3 Rd4 28. Rxf7 Rc4 29. Rxg7 Ba6 30. Rxc4 Bxc4 31. Nc1 Bxe2+ 32. Nxe2 c5 33. Nf4 Ke8 34. Rxh7 c4 35. Nxd5 Rd3+ 36. Kc2 Rxd5 37. g4 Rd4 38. h3 Rf4 39. g5 Kf8 40. g6 Kg8 41. h4 Rg4 42. h5 Rg5 43. Kc3 Rc5 44. h6 Rc6 45. Rg7+ Kh8 46. Rh7+ Kg8 47. Rg7+ Kh8 48. Kd2 c3+ 49. Kc2 Rf6 0-1


[Site "https://www.chess.com"]

[Event "Titled Tuesday Blitz November 14 Early 2023"]
[White "Feuerstack, Aljoscha"]
[Black "mind1mover"]
[WhiteFideId "4681932"]
[WhiteElo "2617"]
[BlackElo "2840"]
[Result "0-1"]
[Round "4"]
[TimeControl "180+1"]
[Date "2023.11.14"]
[WhiteClock "0:00:00"]
[BlackClock "0:00:10"]
[Board "48"]

1. e4 Nc6 2. Bc4 Nf6 3. d3 e6 4. Nf3 d5 5. exd5 Nxd5 6. a3 Be7 7. O-O O-O 8. Re1 b6 9. Nbd2 Bb7 10. Ne4 h6 11. d4 Nf6 12. Ng3 Bd6 13. c3 Ne7 14. Bd3 c5 15. Ne5 cxd4 16. cxd4 Nc6 17. Nf3 Rc8 18. Be3 Rc7 19. Qd2 Bxg3 20. hxg3 Ng4 21. Bf4 Rd7 22. Bb5 a6 23. Bxc6 Bxc6 24. Rac1 Bxf3 25. gxf3 Rxd4 26. Qc3 Rxf4 27. gxf4 Nf6 28. Red1 Nd5 29. Qe5 Qh4 30. f5 Qg5+ 31. Kf1 Nf4 32. Rc4 Qg2+ 33. Ke1 Qg1+ 34. Kd2 Rd8+ 35. Rd4 Qxf2+ 36. Kc3 Rxd4 0-1


[Site "https://www.chess.com"]